 Dungeon Crawl Stone Soup version 0.14-a0-1192-g192f278 (webtiles) character file.

3500 Jenx the Grappler (level 9, -14/80 HPs)
             Began as a Troll Monk on Nov 30, 2013.
             Was a Priest of Okawaru.
             Demolished by Joseph
             ... wielding a +0,+0 quarterstaff
              (17 damage)
             ... on Level 8 of the Dungeon.
             The game lasted 00:21:44 (5951 turns).

Jenx the Grappler (Troll Monk)                      Turns: 5951, Time: 00:21:45

HP -14/80        AC  5     Str 21      XL: 9   Next: 68%
MP   9/11        EV 14     Int  8      God: Okawaru [***...]
Gold 241         SH  0     Dex 13      Spells:  0 memorised,  8 levels left

rFire  . . .     SeeInvis .       - Unarmed
rCold  + . .     Clarity  .     D - +0 elf robe
rNeg   . . .     Conserve .     (shield restricted)
rPois  .         rCorr    .     (helmet restricted)
rElec  .         rRot     .     (no cloak)
SustAb . .       Spirit   .     (gloves unavailable)
rMut   .         Warding  .     (boots unavailable)
Gourm  +         Stasis   .     (no amulet)
                                (no ring)
                                (no ring)

@: heroism, slightly resistant to hostile enchantments, stealthy
A: unfitting armour, claws 3, cold resistance 1, fast metabolism 3, gourmand,
regeneration 2, saprovore 2, shaggy fur 1, tough skin 2
a: Heroism, Renounce Religion


You were on level 8 of the Dungeon.
You worshipped Okawaru.
Okawaru was most pleased with you.
You were very full.

You visited 2 branches of the dungeon, and saw 9 of its levels.

You collected 241 gold pieces.

Inventory:

Hand weapons
 a - a +0,+0 giant spiked club
 s - a -1,+2 orcish trident of pain
Missiles
 A - 6 tomahawks (quivered)
Armour
 D - a +0 elven robe (worn)
Magical devices
 j - a wand of magic darts (4)
 m - a wand of frost (9)
Comestibles
 b - 2 meat rations
 o - 2 apples
 t - 7 bread rations
 w - a choko
 x - a pear
Scrolls
 d - a scroll of enchant armour {unknown}
 e - 3 scrolls of remove curse
 f - a scroll of magic mapping
 i - a scroll of identify
 k - 2 scrolls of enchant weapon I {unknown}
 p - 2 scrolls of teleportation {unknown}
 r - 2 scrolls of blinking {unknown}
 u - a scroll of immolation {unknown}
 y - 2 scrolls of amnesia {unknown}
 B - a scroll of fear
 F - a scroll of curse armour {unknown}
 I - a scroll of curse jewellery {unknown}
Jewellery
 C - an uncursed ring of ice
Potions
 g - 2 potions of agility
 h - a potion of restore abilities {unknown}
 l - a potion of mutation
 n - a potion of heal wounds {unknown}
 q - 2 potions of curing
 v - a potion of porridge
 z - a potion of resistance {unknown}
 E - a potion of berserk rage
 G - a potion of invisibility
 H - a potion of poison {unknown}


   Skills:
 - Level 2.4(7.4) Fighting
 + Level 3.3(8.3) Dodging
 - Level 1.1(6.1) Stealth
 - Level 12.2(17.2) Unarmed Combat
 - Level 5.6 Invocations


You had 8 spell levels left.
You didn't know any spells.

Dungeon Overview and Level Annotations

Branches:
Dungeon (8/16)             Temple (1/1) D:5
   Lair: D:8-11

Altars:
Ashenzari
Elyvilon
Fedhas
Kikubaaqudgha
Makhleb
Okawaru
Sif Muna
Xom
Yredelemnul

Shops:
D:5 /

Annotations:
D:8 Joseph


Innate Abilities, Weirdness & Mutations

You are too large for most types of armour.
You have claws for hands.
Your metabolism is lightning-fast.
You like to eat raw meat.
You heal very quickly.
You can eat rotten meat.
You are covered in fur (AC +1).
You have very tough skin (AC +2).
Your flesh is cold resistant.


Message History

The giant frog closely misses you.
You barely miss Joseph.
Joseph is almost dead.
The rat zombie bites you but does no damage.
Joseph hits you with an uncursed quarterstaff!
* * * LOW HITPOINT WARNING * * *
The giant frog hits you.
* * * LOW HITPOINT WARNING * * *
Drink which item? (? for menu, Esc to quit)
You can't drink that!
Unknown command.
Drink which item? (? for menu, Esc to quit)
You feel better. The giant frog hits you.
* * * LOW HITPOINT WARNING * * *
The kobold hits you.
* * * LOW HITPOINT WARNING * * *
The rat zombie bites you but does no damage.
Joseph screams, "You must be punished!"
Joseph hits you with an uncursed quarterstaff!
You die...

######## #........
+.........
#.........# ..
#..........
...####..........
.........@........#
#........F@K......#
#..........z.......
#......)(........#
#.....((.#######..
#...(..(.# #
..........####
....#####(..# ...
#(#.#### ..
#.#....#


You could see Joseph (bleeding), a giant frog, a rat zombie and a kobold.

Vanquished Creatures
  The ghost of temujin the Cudgeler, an average GrFi (D:4)
  Edmund (D:7)
  Menkaure (D:6)
  A necrophage (D:6)
  A black bear (D:6)
  4 centaurs
  A sky beast (D:7)
  4 ogres
  3 orc warriors
  Sigmund (D:7)
  Duvessa (D:5)
  A giant frog (D:4)
  A killer bee (D:6)
  4 goliath beetles
  Dowan (D:5)
  4 crimson imps
  4 orc priests
  A giant frog skeleton (D:5)
  6 hounds
  2 iguanas (D:6)
  2 scorpions
  5 orc wizards
  8 worker ants
  Ijyb (D:3)
  Jessica (D:3)
  An ogre skeleton (D:6)
  4 giant mites
  5 adders
  A giant centipede (D:6)
  A worm (D:1)
  An adder skeleton (D:4)
  4 giant geckos
  3 oozes
  35 orcs
  12 bats
  A bat skeleton (D:7)
  12 goblins
  10 hobgoblins
  9 jackals
  3 quokkas
  A ball python (D:1)
  9 giant cockroaches
  6 giant newts
  A hobgoblin skeleton (D:6)
  9 kobolds
  10 rats
198 creatures vanquished.

Notes
Turn   | Place    | Note
--------------------------------------------------------------
     0 | D:1      | Jenx, the Troll Monk, began the quest for the Orb.
     0 | D:1      | Reached XP level 1. HP: 20/20 MP: 0/0
   176 | D:1      | Reached XP level 2. HP: 28/28 MP: 0/0
   789 | D:1      | Reached skill level 5 in Unarmed Combat
   789 | D:1      | Reached XP level 3. HP: 31/35 MP: 1/1
  1890 | D:3      | Reached XP level 4. HP: 25/44 MP: 1/1
  1959 | D:3      | Reached skill level 6 in Unarmed Combat
  2141 | D:3      | Noticed a centaur
  2151 | D:3      | Killed a centaur
  2151 | D:3      | Reached XP level 5. HP: 21/50 MP: 1/1
  2213 | D:3      | Reached skill level 7 in Unarmed Combat
  2220 | D:3      | Noticed Ijyb
  2222 | D:3      | Noticed Jessica
  2236 | D:3      | Killed Ijyb
  2237 | D:3      | Killed Jessica
  2356 | D:4      | Noticed temujin's ghost (average GrFi)
  2387 | D:4      | Killed temujin's ghost
  2387 | D:4      | Reached skill level 8 in Unarmed Combat
  2387 | D:4      | Reached XP level 6. HP: 22/58 MP: 2/2
  2728 | D:4      | Reached XP level 7. HP: 64/66 MP: 2/2
  2729 | D:4      | Noticed an ogre
  2733 | D:4      | Killed an ogre
  2773 | D:4      | Reached skill level 9 in Unarmed Combat
  3215 | D:5      | Entered Level 5 of the Dungeon
  3221 | D:5      | Found Remnobb's Magical Wand Shoppe.
  3369 | D:5      | Noticed Dowan
  3370 | D:5      | Noticed Duvessa
  3379 | D:5      | Killed Duvessa
  3384 | D:5      | Killed Dowan
  3387 | D:5      | Reached skill level 10 in Unarmed Combat
  3534 | D:5      | Reached XP level 8. HP: 58/74 MP: 2/2
  3840 | D:5      | Found a staircase to the Ecumenical Temple.
  3869 | D:5      | Reached skill level 11 in Unarmed Combat
  3938 | Temple   | Entered the Ecumenical Temple
  3952 | Temple   | Became a worshipper of Warmaster Okawaru
  3952 | Temple   | Acquired Okawaru's first power
  4254 | D:6      | Noticed Menkaure
  4270 | D:6      | Killed Menkaure
  4643 | D:6      | Reached skill level 12 in Unarmed Combat
  4753 | D:6      | Reached XP level 9. HP: 73/80 MP: 3/3
  4766 | D:6      | Reached skill level 1 in Invocations
  5225 | D:7      | Noticed Edmund
  5239 | D:7      | Killed Edmund
  5260 | D:7      | Noticed Sigmund
  5404 | D:7      | Killed Sigmund
  5405 | D:7      | HP: 1/80 [orc priest/divine providence (16)]
  5409 | D:7      | Reached skill level 5 in Invocations
  5754 | D:7      | Gained mutation: Your flesh is cold resistant. [potion of beneficial mutation]
  5936 | D:8      | Noticed Joseph
  5950 | D:8      | HP: 2/80 [giant frog (4)]
  5951 | D:8      | Demolished by Joseph

Action                   |  1- 3 |  4- 6 |  7- 9 || total
-------------------------+-------+-------+-------++-------
Melee: Unarmed           |   113 |   101 |   327 ||   541
Throw: Tomahawk          |       |       |     4 ||     4
Invok: Heroism           |       |       |     2 ||     2
Evoke: Wand              |       |       |     1 ||     1
  Use: Potion            |       |     1 |     4 ||     5
       Scroll            |       |     7 |     2 ||     9
 Stab: Sleeping          |       |     2 |       ||     2
       Invisible         |       |       |     3 ||     3
